 Dungeon Crawl Stone Soup version 0.19-a0-277-g85cb9a5 (webtiles) character file.

8314 Duffy the Carver (level 11, -13/106 HPs)
             Began as a Naga Assassin on May 26, 2016.
             Was a High Priest of Cheibriados.
             Killed from afar by Nergalle (41 damage)
             ... with a bolt of negative energy
             ... on level 10 of the Dungeon.
             The game lasted 00:30:49 (14493 turns).

Duffy the Carver (Naga Assassin)                   Turns: 14493, Time: 00:30:50

Health: -13/106    AC: 10    Str: 32    XL:     11   Next: 28%
Magic:  17/17      EV: 10    Int: 23    God:    Cheibriados [*****.]
Gold:   258        SH:  0    Dex: 24    Spells: 0 memorised, 10 levels left

rFire  + . .     SeeInvis +     a - +1 scimitar
rCold  + . .     Gourm    .     T - +2 leather armour {rC+}
rNeg   . . .     Faith    .     (no shield)
rPois  +         Spirit   .     V - +1 helmet
rElec  .         Dismiss  .     d - +0 cloak
rCorr  .         Reflect  .     (no gloves)
SustAt .         Harm     .     (no barding)
MR     +....                    (no amulet)
Stlth  ++++......               C - ring of stealth
                                p - ring of protection from fire

@: mighty, very heavily drained, very slow, somewhat resistant to hostile
enchantments, stealthy
A: see invisible, deformed body, poison resistance, slowness 2, slow metabolism
1, spit poison 2, AC +3
a: Spit Poison, Bend Time, Temporal Distortion, Slouch, Step From Time, Renounce
Religion


You were on level 10 of the Dungeon.
You worshipped Cheibriados.
Cheibriados was extremely pleased with you.
You were not hungry.

You visited 3 branches of the dungeon, and saw 12 of its levels.
You also visited: Sewer.

You collected 643 gold pieces.
You spent 385 gold pieces at shops.


Innate Abilities, Weirdness & Mutations

You cannot wear boots.
Your serpentine skin is tough (AC +3).
You have supernaturally acute eyesight. (SInv)
Armour fits poorly on your strangely shaped body.
Your system is resistant to poisons. (rPois)
You cover ground very slowly.
You have a slow metabolism.
You can spit poison.


   Skills:
 - Level 9.3(5.8) Fighting
 - Level 2.0(3.4) Short Blades
 - Level 10.2(6.6) Long Blades
 - Level 4.5(1.4) Throwing
 - Level 4.0(0.9) Dodging
 - Level 5.8(2.6) Stealth
 + Level 8.7(5.2) Invocations


You had 10 spell levels left.
You didn't know any spells.

Inventory:

Hand Weapons
 a - a +1 scimitar (weapon)
 b - a +0 blowgun
 B - a +2 dagger
Missiles
 e - 32 poisoned needles
 k - 2 curare-tipped needles
 o - 18 tomahawks (quivered)
 x - a throwing net
 D - 5 tomahawks of returning
 M - 8 javelins
Armour
 d - a +0 cloak (worn)
 f - a steam dragon hide
 t - a +0 buckler
 T - a +2 leather armour of cold resistance (worn)
 V - a +1 helmet (worn)
Jewellery
 i - a -3 ring of strength
 p - a ring of protection from fire (left hand)
 C - a ring of stealth (right hand)
 K - an uncursed ring of fire
 L - an uncursed ring of ice
 S - an uncursed ring of positive energy
Wands
 c - a wand of disintegration (24/24)
 u - a wand of lightning (10/15)
 v - a wand of confusion (8/48)
Scrolls
 l - a scroll of immolation
 m - a scroll of fog
 y - 3 scrolls of remove curse
 I - a scroll of recharging
 N - a scroll of enchant weapon
 R - a scroll of vulnerability
Potions
 h - a potion of magic
 j - a potion of flight
 n - a potion of agility {unknown}
 q - 3 potions of heal wounds
 s - a potion of resistance {unknown}
 w - a potion of might
 z - a potion of haste {unknown}
 A - 5 potions of curing
Books
 F - a book of Enchantments
 H - a Grand Grimoire
 Q - a book of Necromancy
Comestibles
 g - 3 bread rations
 r - 2 royal jellies
 E - 3 meat rations
 G - 2 slices of pizza
 O - 2 beef jerkies

Dungeon Overview and Level Annotations

Branches:
Dungeon (10/15)            Temple (1/1) D:7            Lair (1/8) D:8
    Orc: D:9-12

Altars:
Ashenzari
Cheibriados
Dithmenos
Elyvilon
Fedhas
Gozag
Hepliaklqana
Kikubaaqudgha
Makhleb
Nemelex Xobeh
Okawaru
Pakellas
Qazlal
Ru
Sif Muna
Trog
Ukayaw
Vehumet
Xom
Yredelemnul
Zin
The Shining One

Shops:
D:4 !   D:10 [

Annotations:
D:10 Nergalle


Message History

Orcish apparitions take form around you.
The spectral orc knight hits you but does no damage.
The spectral orc warrior hits you with a dire flail.
You hit the spectral orc knight.
The spectral orc knight is severely damaged.
You feel less vulnerable to hostile enchantments.
The spectral orc warrior misses you.
Nergalle mutters something.
Nergalle points at you and mumbles some strange words.
Orcish apparitions take form around you.
The spectral orc warrior barely misses you.
The spectral orc knight closely misses you.
You slash the spectral orc knight!
You destroy the spectral orc knight!
The spectral orc warrior barely misses you.
The spectral orc warrior hits you with a dire flail.
You slice Nergalle!!
Nergalle is moderately wounded.
Nergalle barely misses you.
The spectral orc warrior hits you from afar with a halberd!
The spectral orc warrior hits you but does no damage.
Nergalle closely misses you.
You slash Nergalle!
Nergalle is heavily wounded.
The spectral orc warrior hits you from afar with a halberd.
Nergalle hits you but does no damage.
The spectral orc warrior hits you but does no damage.
You slash Nergalle!
Nergalle is severely wounded.
Nergalle hits you but does no damage.
The spectral orc warrior hits you from afar with a halberd.
You hit Nergalle but do no damage.
Nergalle is severely wounded.
The spectral orc warrior closely misses you.
Nergalle hits you but does no damage.
An unseen horror comes into view.
You closely miss Nergalle.
Nergalle is severely wounded.
The unseen horror moves out of view.
Nergalle hits you but does no damage.
The spectral orc warrior hits you with a dire flail.
The spectral orc warrior hits you but does no damage.
Nergalle asks, "There's a tasty morsel, hm?"
Nergalle hits you but does no damage.
You hit Nergalle.
Nergalle is severely wounded.
The spectral orc warrior hits you but does no damage.
The spectral orc warrior closely misses you.
Nergalle gestures at you while chanting.
The bolt of negative energy hits you!
You feel drained.
You die...

#....# #..(...#...#...C #....#
######......#........
.....##.......)......#
#.......##.####()..).#
#.....### #..(.((# ##....#
##(#).(# ####..# #x#....#
......# #o#....... ###...#
#@##....... ##### #Z#######..
##### #Z# ## ##...##########.##
#.....((!.(<(..(.# ##########
#........##.##...## #........#
#.....#####.#.....####.######.#
##....#####.##.......<.....##.#
##.#.......###.######.###.##.#


You could see Nergalle, 2 spectral orc warriors and an unseen horror
(invisible).

Action                   |  1- 3 |  4- 6 |  7- 9 | 10-12 || total
-------------------------+-------+-------+-------+-------++-------
Melee: Dagger            |    49 |   147 |   161 |       ||   357
       Unarmed           |       |       |    11 |       ||    11
       Quarterstaff      |       |       |    54 |       ||    54
       Scimitar          |       |       |   307 |   307 ||   614
 Fire: Blowgun           |    10 |    28 |    48 |    36 ||   122
Throw: Tomahawk          |       |       |    78 |    10 ||    88
       Throwing net      |       |       |       |     1 ||     1
 Abil: Spit Poison       |    36 |    61 |    42 |    10 ||   149
Evoke: Wand              |       |       |       |     1 ||     1
  Use: Scroll            |     1 |     6 |     1 |    12 ||    20
       Potion            |       |       |     2 |     6 ||     8
 Stab: Sleeping          |     5 |    12 |    14 |     7 ||    38
       Held in net/web   |       |       |       |     3 ||     3
       Distracted        |       |       |       |     1 ||     1
       Invisible         |       |       |       |     4 ||     4
  Eat: Chunk             |     3 |    10 |    17 |     6 ||    36
       Beef jerky        |       |       |     2 |       ||     2
       Fruit             |       |       |       |     2 ||     2
Armor: Robe              |    26 |    45 |   185 |       ||   256
       Skin              |       |       |    28 |    11 ||    39
       Leather armour    |       |       |    12 |   121 ||   133
Dodge: Dodged            |    48 |    64 |   225 |   180 ||   517

Notes
Turn   | Place    | Note
--------------------------------------------------------------
     0 | D:1      | Duffy the Naga Assassin began the quest for the Orb.
     0 | D:1      | Reached XP level 1. HP: 19/19 MP: 1/1
   150 | D:1      | Reached XP level 2. HP: 27/27 MP: 2/2
   380 | D:1      | Reached skill level 3 in Fighting
   419 | D:1      | Reached skill level 2 in Throwing
   724 | D:1      | Reached XP level 3. HP: 23/34 MP: 3/3
  1333 | D:2      | Found an iron altar of Okawaru.
  1351 | D:2      | Reached skill level 3 in Throwing
  1351 | D:2      | Reached XP level 4. HP: 27/42 MP: 4/4
  1459 | D:2      | Found a glowing golden altar of the Shining One.
  1460 | D:2      | Found a hazy altar of Hepliaklqana.
  1605 | D:2      | Noticed a moth of wrath
  1608 | D:2      | Found a bloodstained altar of Trog.
  1791 | D:3      | Found a sparkling altar of Nemelex Xobeh.
  1951 | D:3      | Found a stormy altar of Qazlal.
  2124 | D:3      | Noticed Crazy Yiuf
  2131 | D:3      | Killed Crazy Yiuf
  2131 | D:3      | Reached skill level 4 in Throwing
  2131 | D:3      | Reached XP level 5. HP: 49/49 MP: 5/5
  2246 | D:3      | Found a blossoming altar of Fedhas.
  2248 | D:3      | Found an ancient bone altar of Kikubaaqudgha.
  2883 | D:4      | Noticed Duffy's ghost (amateur VSFi)
  2973 | D:4      | Found Aqab's Distillery.
  2984 | D:4      | Bought a potion of heal wounds for 70 gold pieces
  2984 | D:4      | Bought a potion of might for 56 gold pieces
  3061 | D:5      | Entered Level 5 of the Dungeon
  3084 | D:4      | Reached XP level 6. HP: 52/57 MP: 6/6
  3134 | D:5      | Found a basalt altar of Yredelemnul.
  3172 | D:5      | Reached skill level 4 in Fighting
  3225 | D:5      | Found a glowing drain.
  3233 | Sewer    | Entered a sewer
  3484 | Sewer    | Reached skill level 5 in Fighting
  3895 | Sewer    | Reached XP level 7. HP: 67/67 MP: 7/7
  4209 | Sewer    | Reached skill level 6 in Fighting
  4968 | D:5      | Reached skill level 7 in Fighting
  5290 | D:6      | Found a shadowy altar of Dithmenos.
  5421 | D:5      | Reached XP level 8. HP: 62/80 MP: 8/8
  5828 | D:5      | Reached skill level 8 in Fighting
  6471 | D:6      | Reached skill level 9 in Fighting
  6757 | D:6      | Reached skill level 1 in Long Blades
  6954 | D:6      | Reached skill level 2 in Long Blades
  7140 | D:6      | Reached skill level 3 in Long Blades
  7681 | D:5      | Reached skill level 4 in Long Blades
  7681 | D:5      | Reached XP level 9. HP: 84/91 MP: 9/9
  8129 | D:4      | Killed Duffy's ghost
  8129 | D:4      | Reached skill level 5 in Long Blades
  8925 | D:4      | Reached skill level 6 in Long Blades
  9050 | D:4      | Noticed Edmund
  9089 | D:4      | Killed Edmund
  9354 | D:4      | Bought a potion of curing for 42 gold pieces
  9354 | D:4      | Bought a potion of invisibility for 112 gold pieces
  9354 | D:4      | Bought a potion of heal wounds for 70 gold pieces
  9354 | D:4      | Bought a potion of mutation for 35 gold pieces
  9636 | D:7      | Found a staircase to the Ecumenical Temple.
  9646 | Temple   | Entered the Ecumenical Temple
  9732 | Temple   | Became a worshipper of Cheibriados the Contemplative
  9801 | D:7      | Reached skill level 7 in Long Blades
 10182 | D:7      | Reached * piety under Cheibriados
 10281 | D:7      | Found a sacrificial altar of Ru.
 10621 | D:7      | Reached skill level 8 in Long Blades
 10675 | D:7      | You fall through a shaft for 2 floors!
 10776 | D:9      | Reached ** piety under Cheibriados
 10872 | D:9      | Reached skill level 9 in Long Blades
 10879 | D:9      | Reached XP level 10. HP: 96/99 MP: 10/10
 11069 | D:8      | Noticed Joseph
 11088 | D:9      | Killed Joseph
 11088 | D:9      | Reached skill level 10 in Long Blades
 11302 | D:8      | Found a staircase to the Lair.
 11586 | D:8      | Reached skill level 1 in Dodging
 11589 | D:8      | Reached *** piety under Cheibriados
 11853 | Lair:1   | Entered Level 1 of the Lair of Beasts
 12262 | D:9      | Reached skill level 1 in Invocations
 12349 | D:10     | Entered Level 10 of the Dungeon
 12349 | D:10     | Noticed a gargoyle
 12354 | D:10     | Killed a gargoyle
 12354 | D:10     | Reached skill level 2 in Dodging
 12354 | D:10     | Reached skill level 2 in Invocations
 12715 | D:10     | Reached **** piety under Cheibriados
 12804 | D:10     | Reached skill level 3 in Invocations
 12816 | D:10     | Reached skill level 3 in Dodging
 12916 | D:10     | Noticed Harold
 13093 | D:10     | Killed Harold
 13093 | D:10     | Reached skill level 4 in Dodging
 13093 | D:10     | Reached skill level 4 in Invocations
 13192 | D:10     | Reached skill level 5 in Invocations
 13267 | D:10     | Noticed a hill giant
 13277 | D:10     | Killed a hill giant
 13277 | D:10     | Reached skill level 6 in Invocations
 13277 | D:10     | Reached XP level 11. HP: 40/106 MP: 13/15
 13653 | D:10     | Noticed a griffon
 13664 | D:10     | Killed a griffon
 13664 | D:10     | Reached skill level 7 in Invocations
 13764 | D:10     | Found Hoorenwo's Armour Emporium.
 14082 | D:10     | Reached skill level 8 in Invocations
 14312 | D:10     | Reached ***** piety under Cheibriados
 14333 | D:10     | Got a crude eveningstar {drain}
 14345 | D:10     | Identified the +1 eveningstar "Sew Zymp" {drain, Int+3} (You took it off an orc on level 10 of the Dungeon)
 14458 | D:10     | Noticed Nergalle
 14466 | D:10     | Noticed a cyclops
 14492 | D:10     | Noticed an unseen horror
 14493 | D:10     | Killed from afar by Nergalle

Skill      XL: |  1  2  3  4  5  6  7  8  9 10 11 |
---------------+----------------------------------+-----
Fighting       | 3 5 7 9 |  9.3
Throwing       | 2 3 4 |  4.5
Long Blades    | 4 9 10 | 10.2
Dodging        | 4 |  4.0
Invocations    | 6 8 |  8.7
Short Blades   | |  2.0
Stealth        | |  5.8

Vault maps used:
D:1:      nicolae_arrival_somewhat_less_tricky_arrival
D:2:      tgw_trog, minitemple
D:3:      grunt_temple_overflow_growth_and_decay, lemuel_round_altar,
          kennysheep_doodads, minmay_misc_feat_room,
          nicolae_qazlal_general_emergency, uniq_crazy_yiuf_cottage
D:4:      forest_paths, serial_shops, shop, minmay_misc_feat_doors,
          grunt_ministairs_11, uniq_edmund
D:5:      yredelemnul_forgotten_temple_becter, gup_sewer_entry_bubbles,
          first_bread, grunt_ministairs_7, minmay_crystal_water,
          mrwooster_statue_mirror
D:6:      grunt_dithmenos_smoke
D:7:      lemuel_crystal_altar, minmay_temple_entry_glassed_door
D:8:      lair_0_dummy, uniq_joseph
D:9:      david_nohive_1
D:10:     minmay_curly_fans, orc_0_dummy, serial_shops, shop, minmay_radiant,
          uniq_erolcha, uniq_nergalle, uniq_harold
Temple:   circular_temple_12
Lair:1:   dragon1_lemuel
Sewer:    sewer_frog_island_02

Vanquished Creatures
  Harold
  A hill giant
  A griffon Joseph
  A gargoyle
  A troll
  A two-headed ogre
  The ghost of Duffy the Cudgeler, an amateur VSFi
  2 wyverns
  A hippogriff
  A steam dragon Edmund
  4 ice beasts
  3 orc warriors
  3 phantoms
  3 sky beasts
  5 ogres
  2 centaurs
  8 giant frogs
  2 big kobolds
  A water moccasin zombie
  2 scorpions
  5 jellies
  A killer bee
  4 wights
  7 crimson imps
  3 howler monkeys
  2 centaur zombies Crazy Yiuf
  5 hounds
  5 orc priests
  A giant frog skeleton
  A centaur skeleton
  5 iguanas
  8 orc wizards
  11 worker ants
  A killer bee zombie
  A hound zombie
  2 hound skeletons
  10 gnolls
  20 adders
  A howler monkey skeleton
  A river rat
  2 shadow imps
  10 oozes
  2 adder skeletons
  An adder zombie
  2 worms
  4 dart slugs
  20 giant geckos
  26 orcs
  15 giant cockroaches
  5 goblins
  5 hobgoblins
  16 jackals
  18 kobolds
  8 quokkas
  8 ball pythons
  10 bats
  A giant cockroach zombie
  A giant gecko skeleton
  11 giant newts
  12 rats
  A spectral orc
319 creatures vanquished.
